 Dungeon Crawl Stone Soup version 0.22-a0-69-g116c2a8 (webtiles) character file.

73306 Amnesiac the Stormcaller (level 14, -14/99 HPs)
             Began as a Demigod Air Elementalist on Jan 12, 2018.
             Killed from afar by an Ice Fiend (20 damage)
             ... with a bolt of cold
             ... in an ice cave.
             The game lasted 01:21:21 (35994 turns).

Amnesiac the Stormcaller (DgAE)                    Turns: 35994, Time: 01:21:21

Health: -14/99     AC: 10    Str: 11    XL:     14   Next: 61%
Magic:  0/50       EV: 17    Int: 27    God:
Gold:   778        SH:  6    Dex: 20    Spells: 19/37 levels left

rFire    . . .     SeeInvis .   a - staff of power
rCold    + . .     Gourm    .   W - +0 buckler
rNeg     . . .     Faith    .   Z - +2 robe of Noughts and Crosses {rElec rPois Dex+4}
rPois    +         Spirit   +   (no helmet)
rElec    +         Reflect  .   h - scarf {Spirit}
rCorr    .         Harm     .   (no gloves)
MR       +....                  u - +0 pair of boots
Stlth    ++........             M - amulet of rage
HPRegen  0.26/turn              k - +5 ring of protection
MPRegen  0.32/turn              F - ring of protection from cold

@: no status effects
A: frail 1, high mp 1, mutation resistance 1
a: Evoke Berserk Rage


You were in an ice cave.
You were very hungry.

You visited 4 branches of the dungeon, and saw 19 of its levels.
You also visited: Sewer and Ice Cave.

You collected 2046 gold pieces.
You spent 1268 gold pieces at shops.

Inventory:

Hand Weapons
 T - a +0 blowgun
Missiles
 d - 569 stones (quivered)
 f - 83 poisoned needles
 t - a throwing net
Armour
 h - a scarf of spirit shield (worn)
 u - a +0 pair of boots (worn)
 W - a +0 buckler (worn)
 Z - the +2 robe of Noughts and Crosses (worn) {rElec rPois Dex+4}
   (You bought it in a shop on level 2 of the Orcish Mines)

   It affects your dexterity (+4).
   It insulates you from electricity.
   It protects you from poison.
Magical Staves
 a - an uncursed staff of power (weapon)
 b - an uncursed staff of conjuration
Jewellery
 k - a +5 ring of protection (left hand)
 F - a ring of protection from cold (right hand)
 M - an amulet of rage (around neck)
 V - an uncursed ring of fire
Wands
 n - a wand of clouds (3)
 D - a wand of acid (3)
 H - a wand of paralysis (8)
 J - a wand of iceblast (22)
 R - a wand of disintegration (6)
Scrolls
 j - 7 scrolls of teleportation {!r}
 l - 3 scrolls of enchant weapon {!r}
 p - 5 scrolls of identify {!r}
 q - a scroll of fear {!r}
 s - 6 scrolls of remove curse {!r}
 B - 3 scrolls of amnesia {!r}
 C - 2 scrolls of summoning {!r}
 E - a scroll of vulnerability {!r}
 O - 3 scrolls of fog {!r}
 X - 4 scrolls of magic mapping {!r}
 Y - 2 scrolls of enchant armour {!r}
Potions
 e - 6 potions of flight {!q}
 i - 10 potions of curing {!q}
 m - 5 potions of agility {!q}
 o - 2 potions of heal wounds {!q}
 r - 3 potions of resistance {!q}
 w - 3 potions of cancellation {!q}
 z - 2 potions of brilliance {!q}
 G - a potion of might {!q}
 K - a potion of berserk rage {!q}
 N - 2 potions of invisibility {!q}
 Q - 2 potions of haste {!q}
 U - 2 potions of lignification {!q}
Miscellaneous
 x - a sack of spiders
 I - a crystal ball of energy
 P - a lightning rod (4/4)
Comestibles
 c - 19 rations


   Skills:
 - Level 6.0 Fighting
 - Level 6.0 Dodging
 - Level 1.7 Stealth
 - Level 5.0 Shields
 + Level 12.0 Spellcasting
 - Level 4.0 Conjurations
 * Level 17.4 Air Magic


You had 19 spell levels left.
You knew the following spells:

 Your Spells              Type           Power        Failure   Level  Hunger
a - Airstrike             Air            #######...   1%          4    None
d - Lightning Bolt        Conj/Air       ######....   1%          5    ###....
e - Mephitic Cloud        Conj/Pois/Air  ######..     1%          3    None
s - Summon Lightning Spi  Summ/Air       ######..     1%          4    None
v - Blink                 Tloc           N/A          5%          2    None


Dungeon Overview and Level Annotations

Branches:
Dungeon (15/15)            Temple (1/1) D:5            Lair (0/6) D:9
    Orc (2/2) D:12            Elf (1/3) Orc:2        Vaults (0/5) D:13
 Depths (0/5) D:15

Shops:
D:4 !!   D:7 *??   D:8 =   D:9 [   Orc:1 %   Orc:2 :*[(   Elf:1 *


Innate Abilities, Weirdness & Mutations

You have an increased reservoir of magic. (+10% MP)
You are frail. (-10% HP)
You are somewhat resistant to further mutation.


Message History

Press: ? - help, Dir - move target cursor, f/p - Ice Fiend
Aim: an Ice Fiend (moderately wounded)
The air twists around and violently strikes the Ice Fiend!
The Ice Fiend is heavily wounded.
The Ice Fiend gestures at you. The bolt of cold hits you! You resist.
Unknown command.
Casting: Airstrike
Confirm with . or Enter, or press ? or * to list all spells.
Aiming: Airstrike
Press: ? - help, Dir - move target cursor, f/p - Ice Fiend
Aim: an Ice Fiend (heavily wounded)
The air twists around and violently strikes the Ice Fiend!
The Ice Fiend is severely wounded.
Unknown command.
Casting: Airstrike
Confirm with . or Enter, or press ? or * to list all spells.
Aiming: Airstrike
Press: ? - help, Dir - move target cursor, f/p - Ice Fiend
Aim: an Ice Fiend (heavily wounded)
The air twists around and violently strikes the Ice Fiend!
The Ice Fiend is severely wounded.
The Ice Fiend barely misses you. The Ice Fiend misses you.
Unknown command.
Casting: Airstrike
Confirm with . or Enter, or press ? or * to list all spells.
Aiming: Airstrike
Press: ? - help, Dir - move target cursor, f/p - Ice Fiend
Aim: an Ice Fiend (severely wounded)
The air twists around and violently strikes the Ice Fiend!
The Ice Fiend is severely wounded.
The Ice Fiend gestures at you. The bolt of cold hits you! You resist.
Unknown command.
Casting: Airstrike
Confirm with . or Enter, or press ? or * to list all spells.
Aiming: Airstrike
Press: ? - help, Dir - move target cursor, f/p - Ice Fiend
Aim: an Ice Fiend (severely wounded)
The air twists around and violently strikes the Ice Fiend!
The Ice Fiend is severely wounded.
The Ice Fiend claws you! The Ice Fiend freezes you!! You resist.
* * * LOW HITPOINT WARNING * * *
The Ice Fiend claws you!!
* * * LOW HITPOINT WARNING * * *
The Ice Fiend freezes you! You resist.
* * * LOW HITPOINT WARNING * * *
Unknown command.
Okay, then.
Really read
g - a scroll of holy word {!r}?
As you read the scroll of holy word {!r}, it crumbles to dust.
You speak a Word of immense power!
The Ice Fiend convulses!
The Ice Fiend is lost in a daze.
You are feeling very hungry.
Okay, then.
Okay, then.
Unknown command.
Okay, then.
Casting: Airstrike
Confirm with . or Enter, or press ? or * to list all spells.
You blink.
The Ice Fiend gestures at you. The bolt of cold hits you! You resist.
You die...

####
#≈≈≈≈≈≈≈##.##
#≈≈≈≈≈≈#≈###.#
≈≈≈≈#≈#≈.##.##
≈#≈≈≈##.##.##
≈≈≈≈≈#..#.##
≈#≈≈##.##..#
≈≈≈≈ #.###.#
#≈≈ ##.#.##
#...@# ##.#.#
###§## ##1#
##.# #..# #.##
#.## ##.#


You could see an Ice Fiend (dazed).

Vanquished Creatures
  Rupert (D:12)
  An orc warlord (Orc:1)
  Nessos (D:12)
  Josephine (D:13)
  Harold (D:12)
  4 ogre magi
  A rakshasa (D:15)
  A hydra (D:13)
  3 centaur warriors
  A dancing weapon (Elf:1)
  A death knight (D:11)
  2 vampire magi (D:13)
  A tengu warrior (D:15)
  Urug (D:13)
  4 orc high priests
  9 two-headed ogres
  A skeletal warrior (D:10)
  3 unseen horrors
  2 wizards
  Pikel (D:6)
  A deep elf archer (Elf:1)
  6 orc knights
  A wolf spider zombie (D:15)
  8 deep elf magi
  2 manticores
  5 ugly things
  6 orc sorcerers
  4 cyclopes
  2 gargoyles
  An ice statue (IceCv)
  4 centaur skeletons
  Psyche (D:9)
  2 komodo dragons
  3 anaconda simulacra (IceCv)
  6 freezing wraiths
  6 ice devils (IceCv)
  2 wolf spider simulacra
  A wind drake (shapeshifter) (D:15)
  7 trolls
  2 hornets
  Prince Ribbit (D:5)
  8 slime creatures
  2 hippogriffs
  11 yaks
  2 wyverns
  Sigmund (D:6)
  3 shadows
  Eustachio (D:5)
  4 hogs (D:9)
  7 wraiths
  A human (D:9)
  A hungry ghost (D:9)
  A golden eye (shapeshifter) (D:15)
  7 vampire mosquitoes
  A basilisk (D:15)
  A steam dragon (D:7)
  A death yak simulacrum (IceCv)
  5 harpy simulacra (IceCv)
  An iron troll simulacrum (IceCv)
  2 soldier ants (D:14)
  2 insubstantial wisps (D:7)
  The ghost of CypherZel the Conjurer, an amateur HuIE of Hepliaklqana (D:4)
  3 hydra simulacra (IceCv)
  A water moccasin (D:8)
  A swamp drake (D:12)
  34 orc warriors
  6 ice beasts
  2 ettin simulacra (IceCv)
  6 sky beasts
  2 necrophages
  3 phantoms
  2 wolves (D:9)
  21 ogres
  13 centaurs
  4 big kobolds
  12 bullfrogs
  A wyvern zombie (D:14)
  3 gnoll sergeants
  8 scorpions
  3 killer bees (D:10)
  An elephant simulacrum (IceCv)
  2 howler monkeys
  5 electric eels (D:9)
  2 centaur zombies
  2 crimson imps
  A quasit (D:14)
  A draconian simulacrum (IceCv)
  2 jellies
  16 hounds
  40 orc wizards
  4 gnoll shamans (D:7)
  21 orc priests
  Crazy Yiuf (D:6)
  2 bullfrog skeletons
  2 iguanas (D:9)
  Terence (D:3)
  9 worker ants
  2 merfolk sirens (Sewer)
  A merfolk avatar (Sewer)
  A spriggan simulacrum (IceCv)
  A statue (D:4)
  4 troll simulacra (IceCv)
  A wolf simulacrum (IceCv)
  3 hound skeletons
  3 worker ant zombies
  A howler monkey skeleton (D:4)
  17 adders
  16 gnolls
  A river rat (Sewer)
  An ogre simulacrum (IceCv)
  6 shadow imps
  5 white imps (IceCv)
  8 ufetubi (IceCv)
  An ooze (D:4)
  2 adder skeletons (D:8)
  A worm (D:5)
  2 dart slugs
  5 leopard geckos
  104 orcs
  6 ball pythons
  8 bats
  6 giant cockroaches
  11 hobgoblins
  3 jackals (D:3)
  5 quokkas
  12 frilled lizards
  6 goblins
  20 kobolds
  A quokka skeleton (D:6)
  A quokka zombie (D:8)
  28 rats
704 creatures vanquished.

Vanquished Creatures (collateral kills)
  A two-headed ogre (Orc:1)
  An orc warrior (Orc:1)
  An ogre (D:14)
  A centaur (D:14)
  4 killer bees (D:10)
  A kobold (D:14)
9 creatures vanquished.

Vanquished Creatures (others)
  An orc wizard (Orc:2)
  A white imp (IceCv)
  An orc (Orc:2)
  A plant (D:9)
4 creatures vanquished.

Grand Total: 717 creatures vanquished

Notes
Turn   | Place    | Note
-------+----------+-------------------------------------------
     0 | D:1      | Amnesiac the Demigod Air Elementalist began the quest for the Orb.
     0 | D:1      | Reached XP level 1. HP: 14/14 MP: 5/5
   243 | D:1      | Reached skill level 3 in Air Magic
   340 | D:1      | Reached XP level 2. HP: 20/20 MP: 0/7
  1316 | D:2      | Reached XP level 3. HP: 23/26 MP: 2/9
  1606 | D:2      | Reached skill level 4 in Air Magic
  1629 | D:2      | Reached XP level 4. HP: 25/33 MP: 1/10
  1833 | D:2      | Learned a level 4 spell: Airstrike
  1845 | D:2      | Found a stormy altar of Qazlal.
  2421 | D:3      | Noticed Terence
  2555 | D:3      | Found a basalt altar of Yredelemnul.
  2607 | D:3      | Killed Terence
  2883 | D:3      | Reached XP level 5. HP: 38/38 MP: 10/12
  3349 | D:3      | Reached skill level 5 in Air Magic
  3575 | D:4      | Noticed CypherZel's ghost (amateur HuIE)
  3607 | D:4      | Found Olaneil's Distillery.
  3642 | D:4      | Found a radiant altar of Vehumet.
  3730 | D:4      | Bought a potion of brilliance for 52 gold pieces
  3777 | D:4      | Reached XP level 6. HP: 14/45 MP: 3/14
  3816 | D:4      | Found a glowing drain.
  3988 | Sewer    | Entered a sewer
  3993 | Sewer    | Learned a level 3 spell: Mephitic Cloud
  3996 | Sewer    | Learned a level 2 spell: Blink
  4728 | D:4      | Reached skill level 6 in Air Magic
  4799 | D:4      | Reached XP level 7. HP: 50/50 MP: 0/16
  4952 | D:4      | Killed CypherZel's ghost
  4952 | D:4      | Reached skill level 7 in Air Magic
  4977 | D:4      | Found Edeth's Distillery.
  5055 | D:4      | Bought a potion of mutation for 96 gold pieces
  5102 | D:4      | Gained mutation: You are frail. (-10% HP) [potion of mutation]
  5102 | D:4      | Gained mutation: You are somewhat resistant to further mutation. [potion of mutation]
  5392 | D:5      | Entered Level 5 of the Dungeon
  5490 | D:5      | Noticed Eustachio
  5613 | D:5      | Found a stormy altar of Qazlal.
  5657 | D:5      | Reached skill level 5 in Spellcasting
  5657 | D:5      | Reached skill level 8 in Air Magic
  5657 | D:5      | Reached XP level 8. HP: 51/51 MP: 10/19
  5866 | D:5      | Learned a level 5 spell: Lightning Bolt
  5870 | D:5      | Found a staircase to the Ecumenical Temple.
  5883 | D:5      | Noticed Prince Ribbit
  6083 | D:5      | Killed Prince Ribbit
  6224 | D:5      | Found a staircase to the Ecumenical Temple.
  6255 | D:5      | Killed Eustachio
  6255 | D:5      | Reached skill level 9 in Air Magic
  6284 | D:5      | Found a stormy altar of Qazlal.
  6519 | Temple   | Entered the Ecumenical Temple
  6649 | D:6      | Noticed Pikel
  6801 | D:6      | Found an opulent altar of Gozag.
  6826 | D:6      | Noticed Sigmund
  6910 | D:6      | Found a snail-covered altar of Cheibriados.
  7029 | D:6      | Killed Sigmund
  7072 | D:6      | Found an iron altar of Okawaru.
  7094 | D:6      | Killed Pikel
  7094 | D:6      | Reached XP level 9. HP: 55/55 MP: 2/22
  7103 | D:6      | Reached skill level 10 in Air Magic
  7146 | D:6      | Found an ornate altar of the Wu Jian Council.
  7487 | D:6      | Found a runed door.
  7706 | D:6      | Noticed Crazy Yiuf
  7709 | D:6      | Killed Crazy Yiuf
  7746 | D:7      | Found Vesh's Assorted Antiques.
  7752 | D:7      | Bought a scroll labeled XENISMOXUA for 19 gold pieces
  7752 | D:7      | Bought a scroll labeled SEOHEUSIAB for 19 gold pieces
  7752 | D:7      | Bought a scroll labeled SURCHI OXZA for 19 gold pieces
  8015 | D:4      | Bought a potion of berserk rage for 60 gold pieces
  8294 | D:7      | Found Jual's Magic Scroll Boutique.
  8619 | D:7      | Found a burning altar of Makhleb.
  8625 | D:7      | Reached skill level 11 in Air Magic
  9647 | D:7      | Found Fieloloc's Magic Scroll Boutique.
  9652 | D:7      | Bought a scroll of blinking for 112 gold pieces
  9908 | D:7      | Bought a scroll of fog for 26 gold pieces
  9955 | D:4      | Bought a potion of magic for 104 gold pieces
 10242 | D:8      | Found Adim's Jewellery Emporium.
 10272 | D:8      | Reached XP level 10. HP: 56/62 MP: 25/25
 10630 | D:8      | Noticed a deep elf mage
 10939 | D:8      | Killed a deep elf mage
 10939 | D:8      | Reached skill level 12 in Air Magic
 11024 | D:8      | Reached skill level 1 in Fighting
 11113 | D:8      | Noticed a centaur warrior
 11258 | D:8      | Found a shimmering altar of Xom.
 11258 | D:8      | Found a sparkling altar of Nemelex Xobeh.
 11426 | D:8      | Killed a centaur warrior
 11446 | D:8      | Noticed a red ugly thing
 11478 | D:8      | Killed a red ugly thing
 11670 | D:9      | Found a sacrificial altar of Ru.
 11979 | D:9      | Noticed Psyche
 11983 | D:9      | Killed Psyche
 12452 | D:9      | Found a staircase to the Lair.
 12698 | D:9      | Reached skill level 1 in Conjurations
 12698 | D:9      | Reached XP level 11. HP: 72/76 MP: 27/27
 13119 | D:9      | Found a blossoming altar of Fedhas.
 13120 | D:9      | Found a basalt altar of Yredelemnul.
 13121 | D:9      | Found a deep blue altar of Sif Muna.
 13648 | D:9      | Found Fuqaej's Antique Armour Shop.
 13651 | D:9      | Bought a runed robe for 88 gold pieces
 13692 | D:9      | Bought a buckler for 108 gold pieces
 13692 | D:9      | Bought a pair of boots for 108 gold pieces
 14111 | D:10     | Entered Level 10 of the Dungeon
 14154 | D:10     | Noticed a two-headed ogre
 14158 | D:10     | Killed a two-headed ogre
 14662 | D:10     | Killed an unseen horror
 14974 | D:10     | Reached skill level 5 in Fighting
 14974 | D:10     | Reached skill level 5 in Dodging
 15194 | D:10     | Found an iron altar of Okawaru.
 15216 | D:10     | Got a smelly scale mail
 15467 | D:11     | Identified the cursed +1 scale mail "Leqenoj" {rPois rF- MR+ rCorr} (You found it on level 10 of the Dungeon)
 16463 | D:11     | Killed an unseen horror
 16594 | D:11     | Reached skill level 5 in Shields
 16596 | D:11     | Noticed a death knight
 16599 | D:11     | Noticed a skeletal warrior
 17039 | D:10     | Killed a skeletal warrior
 17195 | D:11     | Killed a death knight
 17635 | D:7      | Bought a scroll of remove curse for 39 gold pieces
 17665 | D:7      | Bought a scroll of holy word for 112 gold pieces
 17931 | D:12     | Noticed Harold
 17996 | D:12     | Killed an unseen horror
 17996 | D:12     | Reached XP level 12. HP: 58/86 MP: 20/28
 18498 | D:12     | Found a staircase to the Orcish Mines.
 18886 | D:12     | Killed Harold
 18886 | D:12     | Reached skill level 13 in Air Magic
 19257 | D:12     | Noticed Nessos
 19272 | D:12     | Killed Nessos
 19372 | D:12     | Noticed Rupert
 19388 | D:12     | Killed Rupert
 19830 | D:13     | Noticed Josephine
 20471 | D:13     | Reached skill level 14 in Air Magic
 20490 | D:13     | Noticed a four-headed hydra
 20516 | D:13     | Noticed an ogre mage
 20576 | Orc:1    | Entered Level 1 of the Orcish Mines
 20593 | Orc:1    | Found Enaett's Food Shoppe.
 20633 | Orc:2    | Entered Level 2 of the Orcish Mines
 20637 | Orc:1    | Paralysed by an orc sorcerer for 6 turns
 20966 | D:12     | Learned a level 4 spell: Summon Lightning Spire
 21374 | Orc:2    | Found a staircase to the Elven Halls.
 21995 | Orc:2    | Noticed an orc warlord
 22563 | D:13     | Killed an ogre mage
 22563 | D:13     | Reached XP level 13. HP: 55/91 MP: 27/31
 22581 | D:13     | Reached skill level 10 in Spellcasting
 22593 | D:13     | Noticed Urug
 22607 | D:13     | Killed Urug
 23175 | D:13     | Killed Josephine
 23522 | D:13     | Reached skill level 15 in Air Magic
 24176 | D:13     | Found the +12 glaive of Prune {chop}
 24247 | D:13     | Found a gate to the Vaults.
 26332 | D:14     | Found a shattered altar of Ashenzari.
 26808 | D:15     | Entered Level 15 of the Dungeon
 27939 | D:15     | Reached skill level 16 in Air Magic
 28571 | D:15     | Reached XP level 14. HP: 99/99 MP: 13/34
 28820 | D:15     | Found a stormy altar of Qazlal.
 28852 | D:15     | Found a staircase to the Depths.
 29102 | Orc:1    | Killed an orc warlord
 30977 | Orc:2    | Reached skill level 17 in Air Magic
 31826 | Orc:2    | Found Wyatziy's Antique Armour Shop.
 31826 | Orc:2    | Found Kuwn's Antique Weapon Shop.
 31836 | Orc:2    | Found Xool's General Store.
 31836 | Orc:2    | Found Suskixij's Book Boutique.
 33351 | Orc:2    | Bought a bloodstained robe for 153 gold pieces
 33351 | Orc:2    | Bought a smoking robe for 153 gold pieces
 33361 | Orc:2    | Identified the +2 robe of Noughts and Crosses {rElec rPois Dex+4} (You bought it in a shop on level 2 of the Orcish Mines)
 33371 | Orc:2    | Identified the +2 robe of Ru's Castigation {rN+ Str+4 Dex+2 Slay+2} (You bought it in a shop on level 2 of the Orcish Mines)
 33440 | Elf:1    | Entered Level 1 of the Elven Halls
 33461 | Elf:1    | Noticed a deep elf sorcerer
 33466 | Elf:1    | Found Puffaorch's General Store.
 33481 | Elf:1    | Found a frozen archway.
 33485 | IceCv    | Entered an ice cave
 35384 | IceCv    | Noticed an Ice Fiend
 35994 | IceCv    | Killed from afar by an Ice Fiend

Vault maps used:
D:1:      dpeg_arrival_three_same_balls
D:2:      marbit_many_paths, first_ration
D:3:      yredelemnul_altar_generic, uniq_terence
D:4:      vehumet_statue, serial_shops, shop, shop, portal_sewer_entry_d
D:5:      minmay_temple_entry_glass, grunt_qazlal_sundering,
          uniq_prince_ribbit1, uniq_eustachio
D:6:      lemuel_coloured_pillars_altar, nicolae_gozag_seed_capital,
          okawaru_metal_pillars_1_2, old_standard_altar, uniq_pikel,
          uniq_crazy_yiuf_cottage, uniq_sigmund
D:7:      kennysheep_housing_project, makhleb_blood_cavern_becter, serial_shops,
          kennysheep_little_box, kennysheep_mini_moat, shop,
          hangedman_misty_isle
D:8:      minmay_quarter_circles, gammafunk_temple_overflow_elements,
          serial_shops, shop
D:9:      minmay_goldmine, gammafunk_temple_overflow_forgotten,
          nicolae_ru_awakened_eye, erik_lair_island, serial_shops,
          nicolae_shop_window_shopping, grunt_livestock, uniq_psyche
D:10:     lemuel_altar_in_water2
D:11:     minmay_misc_feat_pillars
D:12:     erik_orc_1, uniq_rupert, uniq_nessos, uniq_harold
D:13:     david_vaults_1, minmay_guarded_unrand_prune, uniq_josephine, uniq_urug
D:14:     minivault_4, ashenzari_altar_1
D:15:     grunt_enter_depths_magical_seal, basic_altar
Temple:   compressed_dpeg_triangle_lava_temple
Orc:1:    serial_shops, shop, minmay_orc_keep
Orc:2:    st_orc_congregation
Elf:1:    serial_shops, shop, portal_ice_cave_entry_pillars_three,
          hangedman_elf_represent, uniq_aizul
Sewer:    sewer_sea
IceCv:    ice_cave_caverns_03

Skill      XL: |  1  2  3  4  5  6  7  8  9 10 11 12 13 14 |
---------------+-------------------------------------------+-----
Air Magic      | 3 4 5 6 8 9 11 12 14 16 17 | 17.4
Spellcasting   | 2 3 4 5 6 7 8 9 11 12 | 12.0
Fighting       | 4 6 |  6.0
Dodging        | 4 6 |  6.0
Conjurations   | 1 4 |  4.0
Shields        | 5 |  5.0
Stealth        | |  1.7

Action                   |  1- 3 |  4- 6 |  7- 9 | 10-12 | 13-15 || total
-------------------------+-------+-------+-------+-------+-------++-------
Melee: Unarmed           |     9 |    16 |     4 |       |       ||    29
       Quarterstaff      |       |       |    91 |       |       ||    91
       Staff             |       |       |     9 |    18 |    22 ||    49
 Fire: Blowgun           |       |       |       |     5 |       ||     5
 Cast: Shock             |    73 |   137 |    80 |    25 |       ||   315
       Airstrike         |       |    23 |   124 |   450 |   534 ||  1131
       Mephitic Cloud    |       |       |       |     7 |     3 ||    10
       Lightning Bolt    |       |       |       |    57 |    81 ||   138
       Blink             |       |       |       |     7 |     2 ||     9
       Summon Lightning  |       |       |       |     2 |     1 ||     3
Evoke: Wand              |       |     1 |    10 |     6 |     8 ||    25
  Use: Potion            |       |     6 |     1 |     6 |     6 ||    19
       Scroll            |       |     5 |     9 |    14 |     4 ||    32
 Stab: Sleeping          |       |       |     2 |       |       ||     2
  Eat: Chunk             |     2 |    13 |    19 |    39 |    30 ||   103
       Ration            |       |       |     3 |     9 |     4 ||    16
Armor: Robe              |     5 |    11 |    38 |     6 |    49 ||   109
       Skin              |       |     9 |       |    61 |       ||    70
       Leather armour    |       |       |    50 |    77 |       ||   127
Dodge: Dodged            |    20 |    42 |   142 |   167 |   160 ||   531
Block: Buckler           |       |       |       |    33 |    50 ||    83

Table legend:
 A = Spawn XP
 B = Non-spawn XP
 C = Spawn XP percentage of total XP
 D = Spawn monster count
 E = Non-spawn monster count
 F = Spawn count percentage of total count
 G = Total turns spent on level
                    A         B        C        D         E        F      G
               +---------+---------+-------+---------+---------+-------+---------
         Total |       0 |  104724 |   0.0 |       0 |     714 |   0.0 | 35994
               +---------+---------+-------+---------+---------+-------+---------
           D:1 |       0 |      36 |   0.0 |       0 |      21 |   0.0 |  1215
           D:2 |       0 |     115 |   0.0 |       0 |      22 |   0.0 |  1150
           D:3 |       0 |     147 |   0.0 |       0 |      25 |   0.0 |  1146
           D:4 |       0 |     924 |   0.0 |       0 |      26 |   0.0 |  1433
           D:5 |       0 |    1175 |   0.0 |       0 |      21 |   0.0 |  1319
           D:6 |       0 |    1568 |   0.0 |       0 |      17 |   0.0 |  1151
           D:7 |       0 |    2356 |   0.0 |       0 |      45 |   0.0 |  2026
           D:8 |       0 |    4438 |   0.0 |       0 |      40 |   0.0 |  1798
           D:9 |       0 |    4086 |   0.0 |       0 |      59 |   0.0 |  2814
          D:10 |       0 |    4695 |   0.0 |       0 |      30 |   0.0 |  1391
          D:11 |       0 |    5128 |   0.0 |       0 |      23 |   0.0 |  1829
          D:12 |       0 |   10201 |   0.0 |       0 |      40 |   0.0 |  3273
          D:13 |       0 |   15145 |   0.0 |       0 |      32 |   0.0 |  2325
          D:14 |       0 |    6897 |   0.0 |       0 |      46 |   0.0 |  2545
          D:15 |       0 |   18098 |   0.0 |       0 |      37 |   0.0 |  1812
         Orc:1 |       0 |    7349 |   0.0 |       0 |      46 |   0.0 |  2250
         Orc:2 |       0 |   12738 |   0.0 |       0 |      94 |   0.0 |  3277
         Elf:1 |       0 |    2015 |   0.0 |       0 |       3 |   0.0 |    45
         Sewer |       0 |     153 |   0.0 |       0 |      38 |   0.0 |   684
         IceCv |       0 |    7460 |   0.0 |       0 |      49 |   0.0 |  2509
               +---------+---------+-------+---------+---------+-------+---------
